TOP OF THE 1ST |
Fort Collins Commoners batting - Pitching for Gilbert Fire Fighters : LHP Jesús Acosta
|
Pitching: LHP Jesús Acosta
|
|
Batting: RHB Art Cornell
|
0-0: Ball 1-0: Ball 2-0: Called Strike 2-1: SINGLE (Groundball, 6M) (infield hit)
|
Batting: RHB Bobby Doyle
|
0-0: Called Strike 0-1: Called Strike 0-2: Ball Art Cornell steals 2nd base 1-2: Fly out, F5 (Line Drive, 56)
|
Batting: RHB Edward Green
|
0-0: Called Strike 0-1: Foul Ball, location: 2F 0-2: Ball 1-2: Ball 2-2: Strikes out swinging
|
Batting: RHB Jonathan Jackson
|
0-0: Called Strike 0-1: Ball 1-1: Foul Ball, location: 2F 1-2: Strikes out looking
|
Top of the 1st over - 0 run(s), 1 hit(s), 0 error(s), 1 left on base; Fort Collins 0 - Gilbert 0 |
BOTTOM OF THE 1ST |
Gilbert Fire Fighters batting - Pitching for Fort Collins Commoners : RHP Jorge Sierra
|
Pitching: RHP Jorge Sierra
|
|
Batting: RHB Ramón Maldonado
|
0-0: Called Strike 0-1: Ground out 4-3 (Groundball, 4)
|
Batting: SHB José Salazar
|
0-0: Ground out U3 (Groundball, 34)
|
Batting: LHB Mark Sanders
|
0-0: Called Strike 0-1: Foul Ball, location: 2F 0-2: Ball 1-2: Ball 2-2: Strikes out swinging
|
Bottom of the 1st over - 0 run(s), 0 hit(s), 0 error(s), 0 left on base; Fort Collins 0 - Gilbert 0 |
TOP OF THE 2ND |
Fort Collins Commoners batting - Pitching for Gilbert Fire Fighters : LHP Jesús Acosta
|
Batting: RHB Nick McIntyre
|
0-0: Foul Ball, location: 2F 0-1: Foul Ball, location: 2F 0-2: Foul Ball, location: 2F 0-2: SINGLE (Groundball, 56D)
|
Batting: RHB António Díaz
|
0-0: Ball 1-0: Foul Ball, location: 2F 1-1: Fly out, F8 (Flyball, 8RM)
|
Batting: RHB Matt Cole
|
0-0: Fly out, F7 (Flyball, 7)
|
Batting: RHB Silas Small
|
0-0: Called Strike 0-1: Foul Ball, location: 2F 0-2: Ball 1-2: Fly out, F6 (Line Drive, 6)
|
Top of the 2nd over - 0 run(s), 1 hit(s), 0 error(s), 1 left on base; Fort Collins 0 - Gilbert 0 |
BOTTOM OF THE 2ND |
Gilbert Fire Fighters batting - Pitching for Fort Collins Commoners : RHP Jorge Sierra
|
Batting: RHB Bill Salinas
|
0-0: Ball 1-0: Ball 2-0: Called Strike 2-1: Fly out, F9 (Line Drive, 9S)
|
Batting: RHB John Field
|
0-0: Called Strike 0-1: Fly out, F7 (Flyball, 7)
|
Batting: RHB Jesús Acosta
|
0-0: Ball 1-0: Fly out, F5 (Popup, 5D)
|
Bottom of the 2nd over - 0 run(s), 0 hit(s), 0 error(s), 0 left on base; Fort Collins 0 - Gilbert 0 |
TOP OF THE 3RD |
Fort Collins Commoners batting - Pitching for Gilbert Fire Fighters : LHP Jesús Acosta
|
Batting: LHB Joe Hanson
|
0-0: Ball 1-0: Ball 2-0: Called Strike 2-1: SINGLE (Groundball, 4) (infield hit)
|
Batting: RHB Art Cornell
|
0-0: SINGLE (Line Drive, 34) Joe Hanson to second
|
Batting: RHB Bobby Doyle
|
0-0: Called Strike 0-1: Called Strike 0-2: Foul Ball, location: 2F 0-2: Strikes out swinging
|
Batting: RHB Edward Green
|
0-0: Ball 1-0: Ball 2-0: 3-RUN HOME RUN (Flyball, 7LD), Distance : 354 ft
|
Batting: RHB Jonathan Jackson
|
0-0: Ball 1-0: Ball 2-0: Called Strike 2-1: Ball 3-1: Fly out, F9 (Flyball, 9)
|
Batting: RHB Nick McIntyre
|
0-0: Ground out 4-3 (Groundball, 4)
|
Top of the 3rd over - 3 run(s), 3 hit(s), 0 error(s), 0 left on base; Fort Collins 3 - Gilbert 0 |
BOTTOM OF THE 3RD |
Gilbert Fire Fighters batting - Pitching for Fort Collins Commoners : RHP Jorge Sierra
|
Batting: RHB Iván Romero
|
0-0: Ball 1-0: Ground out 6-3 (Groundball, 6)
|
Batting: RHB Alfonso Santiago
|
0-0: Ball 1-0: Swinging Strike 1-1: Swinging Strike 1-2: Ball 2-2: Strikes out swinging
|
Batting: RHB Jorge Álvarez
|
0-0: Foul Ball, location: 2F 0-1: Ball 1-1: Swinging Strike 1-2: Foul Ball, location: 2F 1-2: Ball 2-2: Ball 3-2: Ground out 6-3 (Groundball, 56)
|
Bottom of the 3rd over - 0 run(s), 0 hit(s), 0 error(s), 0 left on base; Fort Collins 3 - Gilbert 0 |
TOP OF THE 4TH |
Fort Collins Commoners batting - Pitching for Gilbert Fire Fighters : LHP Jesús Acosta
|
Batting: RHB António Díaz
|
0-0: Ball 1-0: Ball 2-0: Called Strike 2-1: Foul Ball, location: 2F 2-2: Ball 3-2: Strikes out swinging
|
Batting: RHB Matt Cole
|
0-0: Ball 1-0: DOUBLE (Flyball, 78XD)
|
Batting: RHB Silas Small
|
0-0: Called Strike 0-1: Swinging Strike 0-2: Ball 1-2: Foul Ball, location: 2F 1-2: Ball 2-2: Strikes out swinging
|
Batting: LHB Joe Hanson
|
0-0: Reached on error, E3 (Groundball, 34) Matt Cole to third
|
Batting: RHB Art Cornell
|
0-0: Called Strike 0-1: Called Strike 0-2: Strikes out swinging
|
Top of the 4th over - 0 run(s), 1 hit(s), 1 error(s), 2 left on base; Fort Collins 3 - Gilbert 0 |
BOTTOM OF THE 4TH |
Gilbert Fire Fighters batting - Pitching for Fort Collins Commoners : RHP Jorge Sierra
|
Batting: RHB Ramón Maldonado
|
0-0: Ball 1-0: Swinging Strike 1-1: Ball 2-1: Ball 3-1: Ground out 4-3 (Groundball, 4)
|
Batting: SHB José Salazar
|
0-0: Called Strike 0-1: Ball 1-1: Fly out, F4 (Popup, 4)
|
Batting: LHB Mark Sanders
|
0-0: Ball 1-0: Called Strike 1-1: SINGLE (Groundball, 4D)
|
Batting: RHB Bill Salinas
|
0-0: Called Strike 0-1: Ball 1-1: Called Strike 1-2: Ball Mark Sanders steals 2nd base 2-2: Foul Ball, location: 2F 2-2: Foul Ball, location: 2F 2-2: Fly out, F8 (Flyball, 8LM)
|
Bottom of the 4th over - 0 run(s), 1 hit(s), 0 error(s), 1 left on base; Fort Collins 3 - Gilbert 0 |
TOP OF THE 5TH |
Fort Collins Commoners batting - Pitching for Gilbert Fire Fighters : LHP Jesús Acosta
|
Batting: RHB Bobby Doyle
|
0-0: Ball 1-0: Ball 2-0: SINGLE (Line Drive, 89S)
|
Batting: RHB Edward Green
|
0-0: Ball 1-0: DOUBLE (Line Drive, 7D) Bobby Doyle to third Runner from 3rd tries for Home, SAFE, no throw
|
Batting: RHB Jonathan Jackson
|
0-0: Called Strike 0-1: Called Strike 0-2: Foul Ball, location: 2F 0-2: Strikes out looking
|
Batting: RHB Nick McIntyre
|
0-0: Called Strike 0-1: Foul Ball, location: 2F 0-2: Ball 1-2: Strikes out looking
|
Batting: RHB António Díaz
|
0-0: Swinging Strike 0-1: Called Strike 0-2: Ball 1-2: Strikes out swinging
|
Top of the 5th over - 1 run(s), 2 hit(s), 0 error(s), 1 left on base; Fort Collins 4 - Gilbert 0 |
BOTTOM OF THE 5TH |
Gilbert Fire Fighters batting - Pitching for Fort Collins Commoners : RHP Jorge Sierra
|
Batting: RHB John Field
|
0-0: Ground out 5-3 (Groundball, 5L)
|
Batting: RHB Jesús Acosta
|
0-0: Swinging Strike 0-1: Ball 1-1: Ball 2-1: Swinging Strike 2-2: Strikes out swinging
|
Batting: RHB Iván Romero
|
0-0: Foul Ball, location: 2F 0-1: Foul Ball, location: 2F 0-2: Strikes out looking
|
Bottom of the 5th over - 0 run(s), 0 hit(s), 0 error(s), 0 left on base; Fort Collins 4 - Gilbert 0 |
TOP OF THE 6TH |
Fort Collins Commoners batting - Pitching for Gilbert Fire Fighters : LHP Jesús Acosta
|
Pitching: RHP Edgardo Castillo
|
|
Batting: RHB Matt Cole
|
0-0: Called Strike 0-1: Foul Ball, location: 2F 0-2: Strikes out swinging
|
Batting: RHB Silas Small
|
0-0: Ball 1-0: Called Strike 1-1: SINGLE (Flyball, 8LS)
|
Batting: LHB Joe Hanson
|
0-0: Called Strike 0-1: Called Strike 0-2: Strikes out swinging
|
Batting: RHB Art Cornell
|
0-0: Called Strike 0-1: Ball 1-1: Called Strike 1-2: Fly out, F7 (Flyball, 7)
|
Top of the 6th over - 0 run(s), 1 hit(s), 0 error(s), 1 left on base; Fort Collins 4 - Gilbert 0 |
BOTTOM OF THE 6TH |
Gilbert Fire Fighters batting - Pitching for Fort Collins Commoners : RHP Jorge Sierra
|
Batting: RHB Alfonso Santiago
|
0-0: Ground out 4-3 (Groundball, 4M)
|
Batting: RHB Jorge Álvarez
|
0-0: Foul Ball, location: 2F 0-1: Ball 1-1: Ball 2-1: Ground out 5-3 (Groundball, 5S)
|
Batting: RHB Ramón Maldonado
|
0-0: Called Strike 0-1: Ball 1-1: Ground out 4-3 (Groundball, 4M)
|
Bottom of the 6th over - 0 run(s), 0 hit(s), 0 error(s), 0 left on base; Fort Collins 4 - Gilbert 0 |
TOP OF THE 7TH |
Fort Collins Commoners batting - Pitching for Gilbert Fire Fighters : RHP Edgardo Castillo
|
Batting: RHB Bobby Doyle
|
0-0: Foul Ball, location: 2F 0-1: Ball 1-1: Swinging Strike 1-2: Ball 2-2: Strikes out looking
|
Batting: RHB Edward Green
|
0-0: Ball 1-0: Fly out, F6 (Popup, 56D)
|
Batting: RHB Jonathan Jackson
|
0-0: Ball 1-0: Foul Ball, location: 2F 1-1: Foul Ball, location: 2F 1-2: Strikes out swinging
|
Top of the 7th over - 0 run(s), 0 hit(s), 0 error(s), 0 left on base; Fort Collins 4 - Gilbert 0 |
BOTTOM OF THE 7TH |
Gilbert Fire Fighters batting - Pitching for Fort Collins Commoners : RHP Jorge Sierra
|
Batting: SHB José Salazar
|
0-0: Ball 1-0: Foul Ball, location: 2F 1-1: Ball 2-1: Foul Ball, location: 2F 2-2: Strikes out swinging
|
Batting: LHB Mark Sanders
|
0-0: Ground out U3 (Groundball, 3)
|
Batting: RHB Bill Salinas
|
0-0: Ball 1-0: Fly out, F7 (Flyball, 7S)
|
Bottom of the 7th over - 0 run(s), 0 hit(s), 0 error(s), 0 left on base; Fort Collins 4 - Gilbert 0 |
TOP OF THE 8TH |
Fort Collins Commoners batting - Pitching for Gilbert Fire Fighters : RHP Edgardo Castillo
|
Batting: RHB Nick McIntyre
|
0-0: Ball 1-0: Called Strike 1-1: Ball 2-1: Called Strike 2-2: SINGLE (Line Drive, 6M)
|
Batting: RHB António Díaz
|
0-0: Called Strike 0-1: Sac Bunt - play at first, batter OUT! 2-3 Nick McIntyre to second
|
Batting: RHB Matt Cole
|
0-0: Intentional Walk
|
Batting: RHB Silas Small
|
0-0: Foul Ball, location: 2F 0-1: Ball 1-1: Foul Ball, location: 2F 1-2: Foul Ball, location: 2F 1-2: Ball 2-2: DOUBLE (Line Drive, 7LM) Nick McIntyre scores Matt Cole to third Runner from 3rd tries for Home, SAFE, throw made home
|
Batting: LHB Joe Hanson
|
0-0: Ball 1-0: Fly out, F9 (Flyball, 9)
|
Batting: RHB Art Cornell
|
0-0: Called Strike 0-1: Ball 1-1: Fly out, F8 (Flyball, 8RM)
|
Top of the 8th over - 2 run(s), 2 hit(s), 0 error(s), 1 left on base; Fort Collins 6 - Gilbert 0 |
BOTTOM OF THE 8TH |
Gilbert Fire Fighters batting - Pitching for Fort Collins Commoners : RHP Jorge Sierra
|
Now at C: Terry Collins
|
|
Batting: RHB John Field
|
0-0: Ball 1-0: Called Strike 1-1: Ball 2-1: Swinging Strike 2-2: Ball 3-2: SINGLE (Groundball, 6) (infield hit)
|
Batting: RHB Jesús Acosta
|
0-0: Called Strike 0-1: Ball 1-1: Ground out 5-3 (Groundball, 56S) John Field to second
|
Pitching: RHP Shaun Harris
|
|
Batting: RHB Iván Romero
|
0-0: Called Strike 0-1: Swinging Strike 0-2: Strikes out looking
|
Batting: RHB Alfonso Santiago
|
0-0: Ground out 4-3 (Groundball, 4)
|
Bottom of the 8th over - 0 run(s), 1 hit(s), 0 error(s), 1 left on base; Fort Collins 6 - Gilbert 0 |
TOP OF THE 9TH |
Fort Collins Commoners batting - Pitching for Gilbert Fire Fighters : RHP Edgardo Castillo
|
Batting: RHB Bobby Doyle
|
0-0: Fly out, F4 (Popup, 34D)
|
Pitching: RHP Ángel Rodríguez
|
|
Batting: RHB Edward Green
|
0-0: Ball 1-0: Ball 2-0: Foul Ball, location: 2F 2-1: Foul Ball, location: 2F 2-2: Strikes out swinging
|
Batting: RHB Jonathan Jackson
|
0-0: Ball 1-0: Called Strike 1-1: Foul Ball, location: 2F 1-2: Strikes out looking
|
Top of the 9th over - 0 run(s), 0 hit(s), 0 error(s), 0 left on base; Fort Collins 6 - Gilbert 0 |
BOTTOM OF THE 9TH |
Gilbert Fire Fighters batting - Pitching for Fort Collins Commoners : RHP Shaun Harris
|
Now at 2B: Javier Contreras
|
|
Now at SS: Sherman Cummings
|
|
Batting: RHB Jorge Álvarez
|
0-0: Swinging Strike 0-1: Swinging Strike 0-2: Strikes out swinging
|
Batting: RHB Ramón Maldonado
|
0-0: Ball 1-0: Foul Ball, location: 2F 1-1: Ball 2-1: Swinging Strike 2-2: Fly out, F8 (Flyball, 8RM)
|
Batting: SHB José Salazar
|
0-0: Ball 1-0: Ball 2-0: Swinging Strike 2-1: Called Strike 2-2: Ball 3-2: Base on Balls
|
Batting: LHB Mark Sanders
|
0-0: Swinging Strike 0-1: Called Strike 0-2: Strikes out swinging
|
Bottom of the 9th over - 0 run(s), 0 hit(s), 0 error(s), 1 left on base; Fort Collins 6 - Gilbert 0 |
|